 Dungeon Crawl Stone Soup version 0.21.1-1-g345015f (webtiles) character file.

133 nicolaieve the Chopper (level 4, -1/41 HPs)
             Began as a Minotaur Berserker on July 12, 2018.
             Was a Believer of Trog.
             Slain by a gnoll
             ... wielding a +0 spear
              (7 damage)
             ... on level 2 of the Dungeon.
             The game lasted 00:05:29 (994 turns).

nicolaieve the Chopper (Minotaur Berserker)          Turns: 994, Time: 00:05:30

Health: -1/41      AC:  9    Str: 22    XL:     4   Next: 93%
Magic:  3/3        EV:  8    Int:  4    God:    Trog [**....]
Gold:   75         SH:  0    Dex: 10    Spells: 3/3 levels left

rFire    . . .     SeeInvis +   a - +0 hand axe
rCold    . . .     Gourm    .   (no shield)
rNeg     . . .     Faith    .   h - +0 chain mail
rPois    .         Spirit   .   (helmet restricted)
rElec    .         Reflect  .   (no cloak)
rCorr    .         Harm     .   f - -1 pair of gloves (curse)
MR       .....                  (no boots)
Stlth    ..........             (no amulet)
HPRegen  0.13/turn              i - ring of see invisible
MPRegen  0.08/turn              n - ring of flight

@: berserk cooldown, slowed, very slow
A: retaliatory headbutt, horns 2
a: Berserk, Trog's Hand, Burn Spellbooks, Renounce Religion, Evoke Flight


You were on level 2 of the Dungeon.
You worshipped Trog.
Trog was pleased with you.
You were very hungry.

You visited 1 branch of the dungeon, and saw 2 of its levels.

You collected 75 gold pieces.

Inventory:

Hand Weapons
 a - a +0 hand axe (weapon)
Armour
 f - a cursed -1 pair of gloves (worn)
 h - a +0 chain mail (worn)
Jewellery
 i - a ring of see invisible (left hand)
 n - a ring of flight (right hand)
Scrolls
 b - a scroll of remove curse {unknown}
 e - 3 scrolls of immolation {unknown}
 j - a scroll of teleportation {unknown}
 l - a scroll of identify {unknown}
Potions
 g - a potion of curing {unknown}
 k - a potion of magic {unknown}
 m - a potion of cancellation {unknown}
 o - a potion of heal wounds {unknown}
 p - a potion of brilliance {unknown}
Comestibles
 c - 4 rations
 d - 13 chunks of flesh


   Skills:
 + Level 4.3 Fighting
 * Level 6.0 Axes
 + Level 3.1 Armour
 - Level 2.1 Dodging


You had 3 spell levels left.
You didn't know any spells.

Dungeon Overview and Level Annotations

Branches:
Dungeon (2/15)

Altars:


Innate Abilities, Weirdness & Mutations

You reflexively headbutt those who attack you in melee.
You have a pair of horns on your head.


Message History

Unknown command.
The gnoll hits you but does no damage. The gnoll barely misses you. x2
The gnoll hits you but does no damage.
You hit the gnoll but do no damage. Your headbutt misses the gnoll.
The gnoll hits you from afar with a spear.
* * * LOW HITPOINT WARNING * * *
The gnoll hits you but does no damage.
You barely miss the gnoll. You headbutt the gnoll!
The gnoll is severely wounded.
Your skin stops crawling.
You feel less resistant to hostile enchantments.
The gnoll barely misses you. The gnoll hits you but does no damage.
The gnoll closely misses you. The gnoll hits you with a spear.
* * * LOW HITPOINT WARNING * * *
You hit the gnoll.
You kill the gnoll!
Trog accepts your kill. The gnoll barely misses you.
The gnoll hits you with a spear!
You die...

.## ... # ... #K
... #.. ... #...
... #.... ...
#.....#############
###
#.....)Kg@........#
#################.#
#.# # #.# # #.# ##
#.# #. #.# ##. #.#
####.. #.###.....


You could see a gnoll and a kobold.

Vanquished Creatures
  9 gnolls (D:2)
  2 worms (D:2)
  A dart slug (D:1)
  A leopard gecko (D:1)
  5 goblins (D:1)
  3 hobgoblins (D:1)
  4 kobolds (D:1)
  A quokka (D:2)
  6 bats (D:1)
  3 frilled lizards
  8 rats (D:1)
43 creatures vanquished.

Notes
Turn   | Place    | Note
-------+----------+-------------------------------------------
     0 | D:1      | nicolaieve the Minotaur Berserker began the quest for the Orb.
     0 | D:1      | Reached XP level 1. HP: 19/19 MP: 0/0
   118 | D:1      | Reached skill level 4 in Axes
   150 | D:1      | Reached XP level 2. HP: 27/27 MP: 1/1
   409 | D:1      | Reached ** piety under Trog
   539 | D:1      | Reached XP level 3. HP: 33/33 MP: 2/2
   818 | D:2      | Reached skill level 5 in Axes
   848 | D:2      | Reached XP level 4. HP: 22/40 MP: 3/3
   983 | D:2      | HP: 3/60 [gnoll/whip (2)]
   984 | D:2      | Reached skill level 6 in Axes
   994 | D:2      | Slain by a gnoll

Skill      XL: |  1  2  3  4 |
---------------+-------------+-----
Axes           | 4 5 6 |  6.0
Fighting       | 4 |  4.3
Armour         | 3 |  3.1
Dodging        | |  2.1

Action                   |  1- 3 |  4- 6 || total
-------------------------+-------+-------++-------
Melee: Hand axe          |    65 |    30 ||    95
       Headbutt          |     8 |     6 ||    14
Invok: Berserk           |       |     1 ||     1
       Trog's Hand       |       |     1 ||     1
Armor: Animal skin       |     9 |       ||     9
       Chain mail        |    31 |    21 ||    52
Dodge: Dodged            |    38 |    21 ||    59
